 Dungeon Crawl Stone Soup version 0.17-a0-1979-g1c74939 (webtiles) character file.

110 Shim the Grasshopper (level 4, -3/30 HPs)
             Began as a High Elf Warper on Oct 5, 2015.
             Slain by Crazy Yiuf
             ... wielding a +3 quarterstaff of chaos
              (10 damage)
             ... on level 2 of the Dungeon.
             The game lasted 00:22:57 (3198 turns).

Shim the Grasshopper (High Elf Warper)              Turns: 3198, Time: 00:22:57

Health: -3/30      AC:  5    Str: 11    XL:     4   Next: 61%
Magic:  0/9        EV: 13    Int: 17    God:
Gold:   62         SH:  0    Dex: 14    Spells: 3 memorised, 2 levels left

rFire  . . .     SeeInvis .     e - +3 dagger (venom)
rCold  . . .     Clarity  .     b - +0 leather armour
rNeg   . . .     SustAt   .     (no shield)
rPois  +         Gourm    .     x - +1 helmet
rElec  .         Spirit   +     (no cloak)
rCorr  .         Warding  .     (no gloves)
rMut   .         Stasis   .     (no boots)
MR     +....                    h - amulet of guardian spirit
Stlth  +.........               r - ring of protection from magic
                                j - ring of poison resistance

@: somewhat resistant to hostile enchantments, very unstealthy
A: no striking features
a: no special abilities


You were on level 2 of the Dungeon.
You were not hungry.

You visited 1 branch of the dungeon, and saw 2 of its levels.

You collected 62 gold pieces.

Inventory:

Hand Weapons
 a - a +0 short sword
 e - a +3 dagger of venom (weapon)
Missiles
 f - 6 tomahawks (quivered)
 v - 103 stones
Armour
 b - a +0 leather armour (worn)
 x - a +1 helmet (worn)
 C - a +0 animal skin
Jewellery
 h - an amulet of guardian spirit (around neck)
 j - a ring of poison resistance (left hand)
 m - an uncursed amulet of warding
 r - a ring of protection from magic (right hand)
 t - a cursed ring of loudness
Scrolls
 d - a scroll of blinking
 i - 4 scrolls of identify
 n - 2 scrolls of remove curse {unknown}
 o - 2 scrolls of magic mapping {unknown}
 p - a scroll of teleportation {unknown}
 s - 2 scrolls of enchant weapon {unknown}
 u - a scroll of fear {unknown}
 y - a scroll of random uselessness {unknown}
 B - a scroll of immolation {unknown}
 D - a scroll of recharging {unknown}
Potions
 g - a potion of brilliance {unknown}
 k - 2 potions of curing {unknown}
 l - 2 potions of flight {unknown}
 q - 2 potions of invisibility {unknown}
 w - a potion of heal wounds {unknown}
Books
 c - a book of Spatial Translocations

   Spells                             Type                      Level
   a - Apportation                    Translocation                1
   b - Blink                          Translocation                2
   c - Shroud of Golubria             Charms/Translocation         2
   d - Portal Projectile              Translocation                3
   e - Teleport Other                 Translocation                3
   f - Passage of Golubria            Translocation                4
Comestibles
 z - a meat ration
 A - a bread ration


   Skills:
 + Level 2.8 Fighting
 + Level 3.2 Short Blades
 + Level 1.2 Throwing
 + Level 1.4 Armour
 + Level 3.2 Dodging
 + Level 0.8 Stealth
 + Level 2.7 Spellcasting
 + Level 3.7 Translocations


You had 2 spell levels left.
You knew the following spells:

 Your Spells              Type           Power        Failure   Level  Hunger
a - Apportation           Tloc           ###.......   8%          1    #......
b - Blink                 Tloc           N/A          10%         2    ##.....
c - Teleport Other        Tloc           ###.....     17%         3    ###....


Dungeon Overview and Level Annotations

Branches:
Dungeon (2/15)

Altars:

Annotations:
D:2 Crazy Yiuf


Message History

Crazy Yiuf says, "Crazy?
Crazy!?
PORCUPINE!"
Crazy Yiuf whimpers, "Buddy!
Tonal snockshim forty-two."
There is an open gate, spattered with blood here.
You close the gate.
Crazy Yiuf opens the gate.
You close the gate.
Crazy Yiuf opens the gate.
You close the gate.
Crazy Yiuf opens the gate.
There's a creature in the gateway!
Crazy Yiuf twirls on the spot.
Crazy Yiuf laughs, "Tosser pontify sow!"
You closely miss Crazy Yiuf.
Crazy Yiuf is lightly wounded.
Crazy Yiuf hits you with a quarterstaff of chaos!
* * * LOW HITPOINT WARNING * * *
x2 There's nothing to close nearby.
Casting: Blink
Confirm with . or Enter, or press ? or * to list all spells.
You blink.
Crazy Yiuf laughs, "Pitchfork bush dark!"
Crazy Yiuf hits you with a quarterstaff of chaos!
You die...

####################
#...'.......#..(#≈≈#
#...'.......'...#≈≈#
#...#.......#####≈≈#
#...##########...≈≈##
#......§.....#...≈≈<#
#......g.....#...≈≈.###
##'##.@...##'##..≈≈....
#...#.....#...#..≈≈.###
#...#.....#...#..≈≈.###
#...#.....#...#..≈≈....
##'##.....##÷##..≈≈.)#.
#.).#.....#....).≈≈....
#...#.....#.....≈≈≈....
#≈≈≈#.....#≈≈≈≈≈≈≈)....
#≈≈≈##'''##≈≈≈≈≈≈#.....


You could see Crazy Yiuf.

Vanquished Creatures
  Robin (D:2)
  2 adders (D:2)
  A gnoll (D:1)
  An ooze (D:1)
  A giant gecko (D:1)
  7 giant cockroaches
  8 hobgoblins
  3 jackals (D:2)
  8 kobolds
  5 bats
  2 giant newts (D:2)
  18 goblins
  4 rats
61 creatures vanquished.

Notes
Turn   | Place    | Note
--------------------------------------------------------------
     0 | D:1      | Shim the High Elf Warper began the quest for the Orb.
     0 | D:1      | Reached XP level 1. HP: 14/14 MP: 4/4
   390 | D:1      | Reached skill level 1 in Armour
   423 | D:1      | Reached XP level 2. HP: 19/19 MP: 6/6
   427 | D:1      | Learned a level 2 spell: Blink
  1324 | D:1      | Reached XP level 3. HP: 11/25 MP: 5/8
  1540 | D:1      | Learned a level 3 spell: Teleport Other
  2372 | D:2      | Reached XP level 4. HP: 18/30 MP: 2/9
  2595 | D:2      | Noticed Robin
  2700 | D:2      | Killed Robin
  3104 | D:2      | Noticed Crazy Yiuf
  3198 | D:2      | Slain by Crazy Yiuf

Vault maps used:
D:1:      dpeg_arrival_pits
D:2:      kennysheep_goblin_castle, uniq_crazy_yiuf_cottage

Action                   |  1- 3 |  4- 6 || total
-------------------------+-------+-------++-------
Melee: Short sword       |   164 |    40 ||   204
       Dagger            |       |    36 ||    36
Throw: Tomahawk          |    12 |     2 ||    14
       Stone             |       |     2 ||     2
 Cast: Teleport Other    |     1 |       ||     1
       Blink             |       |     4 ||     4
  Use: Scroll            |     1 |       ||     1
 Stab: Distracted        |     1 |       ||     1
       Sleeping          |     1 |       ||     1
  Eat: Chunk             |     4 |       ||     4
       Bread ration      |       |     1 ||     1
